 Dungeon Crawl Stone Soup version 0.29.1-14-g9c671dbff4 (webtiles) character file.

Game seed: 12739611079259154069

400 Descartes the Sneak (level 6, 0/28 HPs)
             Began as a Felid Monk on Feb 20, 2023.
             Slain by an orc
             ... wielding a +0 whip of venom
              (4 damage)
             ... on level 4 of the Dungeon.
             The game lasted 00:10:08 (7131 turns).

Descartes the Sneak (Felid Monk)                    Turns: 7131, Time: 00:10:09

Health: 0/28       AC:  2    Str:  9    XL:     6   Next: 54%
Magic:  7/7        EV: 20    Int: 12    God:
Gold:   149        SH:  0    Dex: 18    Spells: 5/5 levels left
                                        Lives:  0   Deaths: 1

rFire   . . .      SeeInvis +     - Unarmed
rCold   . . .      Faith    .   (shield unavailable)
rNeg    . . .      Spirit   .   (body armour unavailable)
rPois   .          Reflect  .   (helmet unavailable)
rElec   .          Harm     .   (cloak unavailable)
rCorr   .          Rampage  .   (gloves unavailable)
Will    .....                   (boots unavailable)
Stlth   ++........              (no amulet)
HPRegen 0.09/turn               (no ring)
MPRegen 0.10/turn               (no ring)

@: confused, lethally poisoned (0 -> -2), ambrosia-drunk, quick
A: very small, claws 1, fangs 3, see invisible, speed 1, shaggy fur 2, stealthy
paws, no weapons or thrown items, no armour, multi-lived
a: no special abilities


You were on level 4 of the Dungeon.
You visited 2 branches of the dungeon, and saw 6 of its levels.

You collected 149 gold pieces.

Inventory:

Jewellery
 d - a ring of resist corrosion
 i - a ring of fire
 o - a +4 ring of evasion
 p - a ring of protection from fire
Wands
 l - a wand of charming (7)
 r - a wand of iceblast (9)
Scrolls
 c - 2 scrolls of butterflies {unknown}
 e - 2 scrolls of poison {unknown}
 f - 4 scrolls of magic mapping {unknown}
 h - 5 scrolls of identify {unknown}
 k - a scroll of teleportation {unknown}
 m - 2 scrolls of enchant armour {unknown}
 s - a scroll of amnesia {unknown}
Potions
 b - 3 potions of curing {unknown}
 g - a potion of flight {unknown}
 j - 3 potions of haste {unknown}
 n - a potion of might {unknown}
 q - a potion of brilliance {unknown}


   Skills:
 + Level 4.3 Fighting
 + Level 5.7 Dodging
 * Level 6.9 Stealth
 + Level 4.3 Unarmed Combat


You had 5 spell levels left.
You didn't know any spells.
Your spell library contained the following spells:

 Spells                   Type           Power      Damage    Failure   Level
 Magic Dart               Conj           0%         1d3       32%         1
 Searing Ray              Conj           0%         2d4       45%         2
 Fulminant Prism          Conj/Hex       0%         3d6       97%         4


Dungeon Overview and Level Annotations

Branches:
Dungeon (5/15)             Temple (1/1) D:4

Altars:
Ashenzari
Cheibriados
Dithmenos
Elyvilon
Fedhas
Gozag
Hepliaklqana
Kikubaaqudgha
Makhleb
Nemelex Xobeh
Okawaru
Qazlal
Ru
Sif Muna
Trog
Uskayaw
Vehumet
Wu Jian
Xom
Yredelemnul
Zin
The Shining One

Shops:
D:2 [

Annotations:
D:3 1 runed translucent door, Crazy Yiuf
D:5 Sigmund


Innate Abilities, Weirdness & Mutations

You have sharp claws.
You have razor-sharp teeth.
You have supernaturally acute eyesight. (SInv)
You cover ground quickly. (Speed+)
You are covered in thick fur. (AC +2)
Your paws help you pounce on unaware monsters.
You are incapable of wielding weapons or throwing items.
You cannot wear armour.
You gain extra lives every three experience levels.


Message History

There is a stone staircase leading down here.
Done exploring.
Things that are here:
a +0 robe; a +0 dagger You open the door.
There is an open door here.
There is a stone staircase leading down here.
You climb downwards.
Level annotation: Sigmund
There is a stone staircase leading up here.
The orc wizard shouts!
The orc priest shouts!
The orc shouts!
You hear a shout!
The orc wizard gestures wildly while chanting.
The orc wizard flickers and vanishes for a moment.
The orc priest mumbles some strange prayers to Beogh against you.
Beogh smites you!
You hear a shout!
You scratch the orc but do no damage. Your bite misses the orc.
The orc hits you with a +0 whip of venom.
You are poisoned.
The orc wizard gestures at you while chanting.
The puff of flame misses you.
You closely miss the orc.
You feel sick.
You feel sick.
You feel sick.
The orc wizard gestures at you while chanting.
The magic dart hits you!
* * * LOW HITPOINT WARNING * * *
There is a stone staircase leading up, spattered with blood here.
* * * LOW HITPOINT WARNING * * *
You feel sick. The orc barely misses you.
The orc wizard gestures at you while chanting.
The puff of flame misses you.
You climb upwards.
* * * LOW HITPOINT WARNING * * *
You feel sick.
There is a stone staircase leading down here.
You are confused.
You feel invigorated.
You feel sick.
The orc hits you with a +0 whip of venom.
You die...

#.##.## ##.###.# #.#...###
###...##.######
#.+.⌠...###...⌠.........#
###.............#...###.##
###....>....###.........
###.....###.#...###.##
##.⌠.## #.....###.#
###...).###.........#
###...[@....###..######
###.......o.....##)##
#.+.⌠...###...⌠....>##
#.#...#######...#...[##
#.##+##..#.###'##.....##
#..#.#.....###.........###
##...........+.........'..
#.###.....###.........###
#.# #.....##..........#


You could see an orc.

Vanquished Creatures
  A phantom (D:5)
  A scorpion (D:5)
  A howler monkey (D:4)
  A hound (D:4)
  An iguana (D:5)
  2 orc wizards (D:4)
  2 gnolls
  5 adders
  2 worms
  4 dart slugs
  8 orcs
  3 ball pythons
  5 endoplasms
  2 giant cockroaches
  6 goblins
  10 hobgoblins
  6 jackals
  6 quokkas
  11 bats
  6 frilled lizards
  7 kobolds
  4 rats
94 creatures vanquished.

Notes
Turn   | Place    | Note
-------+----------+-------------------------------------------
     0 | D:1      | Descartes the Felid Monk began the quest for the Orb.
     0 | D:1      | Reached XP level 1. HP: 10/10 MP: 2/2
   124 | D:1      | Reached skill level 3 in Stealth
   416 | D:1      | Reached XP level 2. HP: 13/14 MP: 3/3
   896 | D:1      | Reached XP level 3. HP: 11/17 MP: 4/4
  1052 | D:1      | Found a faded altar of an unknown god.
  1510 | D:2      | Found Tolideum's Armour Emporium.
  1634 | D:2      | Reached skill level 4 in Stealth
  2329 | D:2      | Reached XP level 4. HP: 21/21 MP: 5/5
  2450 | D:3      | Found a glowing golden altar of the Shining One.
  2450 | D:3      | Found a broken altar of Ashenzari.
  2955 | D:3      | Found a snail-covered altar of Cheibriados.
  3183 | D:3      | Found a runed translucent door.
  3184 | D:3      | Noticed Crazy Yiuf
  3374 | D:4      | Found a hazy altar of Hepliaklqana.
  3689 | D:4      | Slain by an iguana
  3690 | D:4      | Reached XP level 3. HP: -1/17 MP: 4/4
  3728 | D:4      | Found a staircase to the Ecumenical Temple.
  3739 | Temple   | Entered the Ecumenical Temple
  4148 | D:4      | Reached skill level 5 in Stealth
  4148 | D:4      | Reached XP level 4. HP: 13/22 MP: 5/5
  5002 | D:4      | Found a shadowy altar of Dithmenos.
  5244 | D:5      | Entered Level 5 of the Dungeon
  5264 | D:5      | Noticed a phantom
  5277 | D:5      | Killed a phantom
  5278 | D:5      | Reached skill level 5 in Dodging
  5278 | D:5      | Reached XP level 5. HP: 13/25 MP: 6/6
  5464 | D:5      | Reached skill level 6 in Stealth
  6475 | D:5      | Noticed a phantom
  6699 | D:5      | Gained mutation: You are covered in thick fur. (AC +2)
                  | [Felid growth]
  6699 | D:5      | Reached XP level 6. HP: 21/28 MP: 7/7
  7085 | D:5      | Noticed Sigmund
  7131 | D:4      | Slain by an orc

Illustrated notes

Levels and vault maps discovered:
D:1:      minmay_arrival_diagonal_passages, layout_rooms, serial_aquarium,
          aquarium_bridge_square [aquarium_subvault_wall,
          aquarium_subvault_bridge, aquarium_subvault_bridge,
          aquarium_subvault_window], aquarium_window_1, aquarium_window_1,
          aquarium_view_2d, aquarium_balcony_double_4, aquarium_pool_1,
          dreamdust_ecumenical_altar_angels_and_demons
D:2:      minmay_evil_eye, layout_basic, serial_shops, shop, minmay_pentomino_t4
D:3:      layout_loops_cross, slow_altar_2, nicolae_overflow_two_pavilions,
          st_stairs_11, uniq_crazy_yiuf_cottage
D:4:      layout_loops_corners, lemuel_doored_altar,
          nicolae_hepliaklqana_hazy_memory,
          minmay_temple_entry_drinking_statues, hangedman_decor_peaks_small,
          grunt_ministairs_13
D:5:      layout_gridville, uniq_sigmund
Temple:   minmay_crystal_spiral_temple

Skill      XL: |  1  2  3  4  5 |
---------------+----------------+-----
Stealth        | 3 5 6 |  6.9
Dodging        | 5 |  5.7
Unarmed Combat | 4 |  4.3
Fighting       | 4 |  4.3

Action                   |  1- 3 |  4- 6 || total
-------------------------+-------+-------++-------
Melee: Unarmed           |   147 |   176 ||   323
       Bite              |     9 |    11 ||    20
       Punch             |     2 |     5 ||     7
  Use: Potion            |       |     2 ||     2
 Stab: Sleeping          |    12 |     9 ||    21
Armor: Skin              |     9 |     2 ||    11
Dodge: Dodged            |   127 |   148 ||   275
